 Dungeon Crawl Stone Soup version 0.31-a0-18-gea43df2a32 (webtiles) character file.

Game seed: 743087748139782017

217 pk666 the Magician (level 5, -1/28 HPs)
             Began as a Deep Elf Hedge Wizard on May 12, 2023.
             Killed by nerve-wracking pain
             ... invoked by an orc priest
              (8 damage)
             ... on level 4 of the Dungeon.
             The game lasted 00:07:01 (4237 turns).

pk666 the Magician (Deep Elf Hedge Wizard)          Turns: 4237, Time: 00:07:01

Health: -1/28      AC:  3    Str:  7    XL:     5   Next: 61%
Magic:  0/15       EV: 12    Int: 21    God:
Gold:   258        SH:  0    Dex: 14    Spells: 9/15 levels left

rFire   . . .        a - +0 dagger
rCold   . . .        (no shield)
rNeg    . . .        b - +0 robe
rPois   .            c - +0 hat
rElec   .            v - +0 cloak
rCorr   .            (no gloves)
SInv    .            (no boots)
Will    .....        (no amulet)
Stlth   ++           e - ring of flight
HPRegen 0.24/turn    (no ring)
MPRegen 0.14/turn

%: no passive effects
@: flying
A: no striking features
a: no special abilities


You were on level 4 of the Dungeon.
You visited 2 branches of the dungeon, and saw 5 of its levels.

You collected 258 gold pieces.

Inventory:

Hand Weapons
 a - a +0 dagger (weapon)
Armour
 b - a +0 robe (worn)
 c - a +0 hat (worn)
 v - a +0 cloak (worn)
Jewellery
 e - a ring of flight (left hand)
 r - a ring of protection from fire
 w - a ring of protection from cold
Scrolls
 g - 2 scrolls of blinking {unknown}
 h - a scroll of immolation {unknown}
 j - a scroll of summoning {unknown}
 l - a scroll of magic mapping {unknown}
 n - a scroll of acquirement {unknown}
 o - a scroll of poison {unknown}
 p - 4 scrolls of identify {unknown}
 q - a scroll of teleportation {unknown}
 s - a scroll of fear {unknown}
Potions
 d - a potion of magic
 f - a potion of curing
 i - a potion of ambrosia {unknown}
 k - a potion of heal wounds {unknown}
 m - 3 potions of degeneration {unknown}
 t - a potion of haste {unknown}
 u - a potion of flight {unknown}
 x - a potion of berserk rage {unknown}


   Skills:
 - Level 2.4 Dodging
 - Level 2.4 Stealth
 + Level 5.6 Spellcasting
 + Level 2.8 Conjurations
 - Level 1.1 Summonings
 + Level 2.8 Translocations
 * Level 2.0 Air Magic
 * Level 2.4 Poison Magic


You had 9 spell levels left.
You knew the following spells:

 Your Spells              Type           Power      Damage    Failure   Level
a - Magic Dart            Conj           68%        1d6       3%          1
b - Blink                 Tloc           34%        N/A       4%          2
c - Mephitic Cloud        Conj/Pois/Air  16%        N/A       11%         3

Your spell library contained the following spells:

 Spells                   Type           Power      Damage    Failure   Level
 Lesser Beckoning         Tloc           34%        N/A       4%          2
 Momentum Strike          Conj/Tloc      34%        3d8       4%          2
 Cigotuvi's Dreadful Rot  Necr/Pois/Air  24%        N/A       9%          2
 Call Imp                 Summ           20%        N/A       10%         2
 Slow                     Hex            20%        N/A       11%         1
 Ignite Poison            Fire/Tmut/Pois 9%         N/A       22%         3
 Freezing Cloud           Conj/Ice/Air   6%         6-21      82%         5


Dungeon Overview and Level Annotations

Branches:
Dungeon (4/15)             Temple (1/1) D:4

Altars:
Ashenzari
Cheibriados
Dithmenos
Elyvilon
Fedhas
Gozag
Kikubaaqudgha
Makhleb
Nemelex Xobeh
Okawaru
Qazlal
Ru
Uskayaw
Wu Jian
Xom
Yredelemnul
The Shining One

Shops:
D:1 =*

Annotations:
D:3 1 runed translucent door, mopl's ghost, amateur FoWr


Message History

Aiming: Magic Dart (safe; 3% risk of failure)
Press: ? - help, Shift-Dir - straight line, f/p - orc priest
Aim: an orc priest, wielding a +0 dagger and wearing a +0 leather armour (lightly wounded, 100% to hit)
The magic dart hits the orc priest.
The orc priest is heavily wounded.
Casting: Magic Dart (safe; 3% risk of failure)
Confirm with . or Enter, or press ? or * to list all spells.
Aiming: Magic Dart (safe; 3% risk of failure)
Press: ? - help, Shift-Dir - straight line, f/p - orc priest
Aim: an orc priest, wielding a +0 dagger and wearing a +0 leather armour (heavily wounded, 100% to hit)
The magic dart hits the orc priest.
The orc priest is heavily wounded.
The orc priest hits you with a +0 dagger.
You barely miss the orc priest.
The orc priest is heavily wounded.
The orc priest hits you with a +0 dagger.
You closely miss the orc priest.
The orc priest is heavily wounded.
The orc priest hits you but does no damage.
You hit the orc priest but do no damage.
The orc priest is heavily wounded.
The orc priest hits you with a +0 dagger.
Casting: Magic Dart (safe; 3% risk of failure)
Confirm with . or Enter, or press ? or * to list all spells.
Aiming: Magic Dart (safe; 3% risk of failure)
Press: ? - help, Shift-Dir - straight line, f/p - orc priest
Aim: an orc priest, wielding a +0 dagger and wearing a +0 leather armour (heavily wounded, 100% to hit)
The magic dart hits the orc priest but does no damage.
The orc priest is heavily wounded.
The orc priest mumbles some strange prayers to Beogh against you.
Beogh smites you!
* * * LOW HITPOINT WARNING * * *
You completely miss the orc priest.
The orc priest is heavily wounded.
The orc priest barely misses you.
You barely miss the orc priest.
The orc priest is heavily wounded.
The orc priest calls down the wrath of Beogh upon you.
Pain shoots through your body!
You die...

..... #....#.P...........[#
........##....>..........##
..........#..............##
#........##.....[.#..#..##
#.......#...........####
#...............#...#
##.......#..##..###..##
.#.....##.##..#........#
..........[).o@..#.##.##
........#......##...###
......#.##.....##).##
......#.###..#.#....###
..).).).###.......>...#
.....#....#)...##.....#
.### #........#####...#
#......### #####
....##.....#


You could see an orc priest.

Vanquished Creatures
  A scorpion (D:4)
  A hound (D:4)
  An iguana (D:4)
  2 adders (D:3)
  3 dart slugs
  5 orcs (D:4)
  2 ball pythons
  5 bats
  9 endoplasms
  2 giant cockroaches
  4 goblins
  3 hobgoblins
  5 jackals (D:2)
  7 kobolds
  7 quokkas
  8 frilled lizards
  4 rats (D:1)
69 creatures vanquished.

Notes
Turn   | Place    | Note
-------+----------+-------------------------------------------
     0 | D:1      | pk666 the Deep Elf Hedge Wizard began the quest for the
                  | Orb.
     0 | D:1      | Reached XP level 1. HP: 10/10 MP: 7/7
   137 | D:1      | Found a faded altar of an unknown god.
   222 | D:1      | Found Nucsilao's Assorted Antiques.
   252 | D:1      | Reached XP level 2. HP: 15/15 MP: 0/9
   958 | D:1      | Reached skill level 5 in Spellcasting
   996 | D:1      | Reached XP level 3. HP: 19/19 MP: 9/11
   999 | D:1      | Learned a level 2 spell: Blink
  1003 | D:1      | Learned a level 3 spell: Mephitic Cloud
  1204 | D:1      | Found Tiah's Jewellery Emporium.
  2506 | D:3      | Found a stormy altar of Qazlal.
  2606 | D:3      | Found a blossoming altar of Fedhas.
  2747 | D:3      | Found a runed translucent door.
  2747 | D:3      | Noticed mopl's ghost (amateur FoWr)
  2896 | D:3      | Reached skill level 1 in Poison Magic
  3264 | D:3      | Reached XP level 4. HP: 24/24 MP: 8/13
  3474 | D:4      | Identified the +7 ring mail "Fezechiyg" {Rampage rCorr
                  | Int-5 Stlth+}
  3652 | D:4      | Reached skill level 1 in Air Magic
  3667 | D:4      | Found a staircase to the Ecumenical Temple.
  3687 | Temple   | Entered the Ecumenical Temple
  3977 | D:4      | Noticed a scorpion
  3992 | D:4      | Killed a scorpion
  3993 | D:4      | Reached XP level 5. HP: 13/28 MP: 1/14
  4237 | D:4      | Killed from afar by an orc priest

Illustrated notes

Levels and vault maps discovered:
D:1:      lemuel_arrival_funnel, layout_basic, serial_shops, nicolae_shop_stone,
          shop, hellmonk_ecumenical_altar_zigzags
D:2:      layout_loops_ring, chequers_mini_garden,
          amcnicky_mini_rare_corridor_liquid
D:3:      layout_basic, nicolae_qazlal_general_emergency,
          mainiacjoe_overflow_catwalk, gammafunk_ghost_grave, fountainhead,
          hangedman_decor_lopped
D:4:      layout_cave_pools, minmay_temple_entry_overgrown
Temple:   bh_familiar_temple

Skill      XL: |  1  2  3  4  5 |
---------------+----------------+-----
Conjurations   | 2 |  2.8
Translocations | 2 |  2.8
Spellcasting   | 5 |  5.6
Poison Magic   | 1 2 |  2.4
Air Magic      | 1 2 |  2.0
Dodging        | |  2.4
Stealth        | |  2.4
Summonings     | |  1.1

Action                     |  1- 3 |  4- 6 || total
---------------------------+-------+-------++-------
  Melee: Dagger            |       |     5 ||     5
   Cast: Magic Dart        |   136 |    78 ||   214
    Use: Potion            |       |     1 ||     1
 Armour: Robe              |     1 |     6 ||     7
  Dodge: Dodged            |     9 |    11 ||    20

Table legend: (Time is in decaauts)
 A = Elapsed time spent in this place.
 B = Non-inter-level travel time spent in this place.
 C = Inter-level travel time spent in this place.
 D = Time resting spent in this place.
 E = Time spent auto-exploring this place.
 F = Levels seen in this place.
 G = Mean time per level.
                   A        B        C        D        E       F      G
               +--------+--------+--------+--------+--------+-----+--------+
         Total |   4236 |   4145 |     91 |    209 |   3540 |   5 |  847.2 |
       Dungeon |   3987 |   3922 |     65 |    209 |   3324 |   4 |  996.8 |
        Temple |    248 |    222 |     26 |      0 |    216 |   1 |  248.0 |
               +--------+--------+--------+--------+--------+-----+--------+

Top non-repeatable levels by time:
     D:1: 1535 daAuts
     D:3: 967 daAuts
     D:2: 955 daAuts
     D:4: 528 daAuts
  Temple: 248 daAuts
